 Dungeon Crawl Stone Soup version 0.31-a0-771-g505c3d19dc (webtiles) character file.

Game seed: 18179329854352952835

320 randomguy2701 the Shield-Bearer (level 6, 0/53 HPs)
             Began as a Gnoll Fighter on Sept 17, 2023.
             Slain by an orc priest
             ... wielding a +0 short sword
              (4 damage)
             ... on level 4 of the Dungeon.
             The game lasted 00:02:33 (2607 turns).

randomguy2701 the Shield-Bearer (Gnoll Fighter)     Turns: 2607, Time: 00:02:34

Health: 0/53       AC:  7    Str: 17    XL:     6   Next: 46%
Magic:  2/9        EV:  7    Int:  7    God:
Gold:   160        SH: 14    Dex: 12    Spells: 9/9 levels left

rFire   + . .        a - +0 war axe
rCold   . . .        h - +0 tower shield
rNeg    . . .        b - +0 scale mail
rPois   .            (no helmet)
rElec   .            (no cloak)
rCorr   .            (no gloves)
SInv    +            (no boots)
Will    .....        (no amulet) Stlth
                     e - ring of protection from fire
HPRegen 0.28/turn    g - ring of see invisible
MPRegen 0.11/turn

%: no passive effects
@: no status effects
A: fangs 1, strong nose, distributed training
a: no special abilities


You were on level 4 of the Dungeon.
You visited 1 branch of the dungeon, and saw 4 of its levels.

You collected 160 gold pieces.

Inventory:

Hand Weapons
 a - a +0 war axe (weapon)
Armour
 b - a +0 scale mail (worn)
 h - a +0 tower shield (worn)
Jewellery
 e - a ring of protection from fire (left hand)
 g - a ring of see invisible (right hand)
Scrolls
 j - a scroll of noise {unknown}
 k - 2 scrolls of teleportation {unknown}
 l - 2 scrolls of poison {unknown}
 m - 2 scrolls of identify {unknown}
 q - a scroll of butterflies {unknown}
 s - 3 scrolls of fog {unknown}
 t - a scroll of torment {unknown}
Potions
 c - 2 potions of curing
 d - a potion of might
 f - a potion of magic {unknown}
 i - a potion of invisibility {unknown}
 n - 2 potions of cancellation {unknown}
 o - a potion of haste {unknown}
 p - a potion of degeneration {unknown}
 r - 2 potions of heal wounds {unknown}


   Skills:
 + Level 6.8 Fighting
 + Level 2.0 Short Blades
 + Level 2.0 Long Blades
 + Level 5.0 Axes
 + Level 2.0 Maces & Flails
 + Level 2.0 Polearms
 + Level 2.0 Staves
 + Level 2.0 Ranged Weapons
 + Level 2.0 Throwing
 + Level 6.8 Armour
 + Level 2.0 Dodging
 + Level 2.0 Stealth
 + Level 6.8 Shields
 + Level 2.0 Unarmed Combat
 + Level 2.0 Spellcasting
 + Level 1.6 Conjurations
 + Level 1.6 Hexes
 + Level 1.6 Summonings
 + Level 1.6 Necromancy
 + Level 1.6 Translocations
 + Level 1.6 Transmutations
 + Level 1.6 Fire Magic
 + Level 1.6 Ice Magic
 + Level 1.6 Air Magic
 + Level 1.6 Earth Magic
 + Level 1.6 Poison Magic
 + Level 2.2 Invocations
 + Level 2.0 Evocations
 + Level 1.8 Shapeshifting


You had 9 spell levels left.
You didn't know any spells.
Your spell library contained the following spells:

 Spells                   Type           Power      Damage    Failure   Level
 Iskenderun's Battlesphe  Conj           2%         2d6       100%        5
 Leda's Unmaking          Conj/Erth      1%         9d1       100%        6
 Spellforged Servitor     Conj/Summ      1%         N/A       100%        7


Dungeon Overview and Level Annotations

Branches:
Dungeon (4/15)
 Temple: D:4-7

Altars:
Ashenzari


Innate Abilities, Weirdness & Mutations

You have very sharp teeth.
Your uncanny sense of smell can sniff out nearby items.
Your experience applies equally to all skills.


Message History

The orc priest hits you with a +0 short sword.
The orc wizard points at you and mumbles some strange words.
You are more confused.
The orc hits you but does no damage.
The orc priest hits you from afar with a +0 trident.
The orc wizard points at you and mumbles some strange words.
The magic dart hits you.
* * * LOW HITPOINT WARNING * * *
The orc hits you with a +0 mace!
* * * LOW HITPOINT WARNING * * *
The orc priest hits you with a +0 short sword.
* * * LOW HITPOINT WARNING * * *
The orc wizard hits you with a +0 dagger.
* * * LOW HITPOINT WARNING * * *
It was a potion of curing.
You feel better. The orc hits you but does no damage.
You block the orc priest's attack.
The orc priest hits you but does no damage.
The orc hits you with a +0 mace.
* * * LOW HITPOINT WARNING * * *
The orc wizard barely misses you.
You hit the orc priest.
The orc priest is heavily wounded.
You hit the orc wizard. x2
You kill the orc wizard!
You slash the orc!
You kill the orc!
You block the orc's attack.
The orc priest calls upon Beogh to heal the orc wizard.
The orc wizard's wounds heal themselves!
The orc priest hits you but does no damage.
You block the orc wizard's attack.
Unknown command.
You closely miss the orc priest.
The orc priest is heavily wounded.
You hit the orc wizard but do no damage.
You block the orc's attack. You block the orc priest's attack.
The orc priest hits you but does no damage.
You block the orc wizard's attack.
The orc priest hits you with a +0 short sword.
You die...

....# #.#.# #.#.##
#....### ##......
.o...# # ##o#o#
###.##o@o.#
.......#).#
###.##...## # ##.##
### #.# #.. #.# #.#
##.## #.#
##...###.###########
#...................


You could see 2 orc priests, 2 orc wizards and an orc.

Vanquished Creatures
  Terence (D:3)
  A sleepcap (D:3)
  Jessica (D:3)
  3 orc wizards (D:4)
  Natasha (thrice) (D:3)
  An adder (D:2)
  2 worms (D:2)
  4 dart slugs
  2 orcs
  5 ball pythons
  3 endoplasms
  2 giant cockroaches
  6 hobgoblins
  7 jackals
  6 kobolds
  6 quokkas
  5 bats
  3 frilled lizards
  3 goblins
  5 rats
69 creatures vanquished.

Notes
Turn   | Place    | Note
-------+----------+-------------------------------------------
     0 | D:1      | randomguy2701 the Gnoll Fighter began the quest for the
                  | Orb.
     0 | D:1      | Reached XP level 1. HP: 23/23 MP: 1/1
    56 | D:1      | Found a faded altar of an unknown god.
    67 | D:1      | Reached XP level 2. HP: 28/29 MP: 2/2
   173 | D:1      | Reached XP level 3. HP: 35/35 MP: 3/3
   695 | D:2      | Reached skill level 1 in Invocations
   920 | D:2      | Reached skill level 1 in Short Blades
   920 | D:2      | Reached skill level 1 in Long Blades
   920 | D:2      | Reached skill level 1 in Maces & Flails
   920 | D:2      | Reached skill level 1 in Polearms
   920 | D:2      | Reached skill level 1 in Staves
   920 | D:2      | Reached skill level 1 in Ranged Weapons
   920 | D:2      | Reached skill level 1 in Throwing
   920 | D:2      | Reached skill level 1 in Dodging
   920 | D:2      | Reached skill level 1 in Stealth
   920 | D:2      | Reached skill level 1 in Unarmed Combat
   920 | D:2      | Reached skill level 1 in Spellcasting
   920 | D:2      | Reached skill level 1 in Evocations
  1066 | D:2      | Reached XP level 4. HP: 28/41 MP: 5/5
  1159 | D:2      | Reached skill level 1 in Shapeshifting
  1596 | D:3      | Noticed Natasha
  1606 | D:3      | Killed Natasha
  1607 | D:3      | Reached skill level 1 in Conjurations
  1607 | D:3      | Reached skill level 1 in Hexes
  1607 | D:3      | Reached skill level 1 in Summonings
  1607 | D:3      | Reached skill level 1 in Necromancy
  1607 | D:3      | Reached skill level 1 in Translocations
  1607 | D:3      | Reached skill level 1 in Transmutations
  1607 | D:3      | Reached skill level 1 in Fire Magic
  1607 | D:3      | Reached skill level 1 in Ice Magic
  1607 | D:3      | Reached skill level 1 in Air Magic
  1607 | D:3      | Reached skill level 1 in Earth Magic
  1607 | D:3      | Reached skill level 1 in Poison Magic
  1655 | D:3      | Found a broken altar of Ashenzari.
  1670 | D:3      | Noticed Natasha
  1673 | D:3      | Killed Natasha
  1674 | D:3      | Reached XP level 5. HP: 35/47 MP: 5/7
  1818 | D:3      | Noticed Natasha
  1828 | D:3      | Killed Natasha
  2012 | D:3      | Noticed Jessica
  2014 | D:3      | Noticed Terence
  2033 | D:3      | Killed Terence
  2038 | D:3      | Killed Jessica
  2064 | D:3      | Reached XP level 6. HP: 11/53 MP: 8/8
  2604 | D:4      | Reached skill level 5 in Axes
  2604 | D:4      | HP: 1/53 [orc wizard/+0 dagger (2)]
  2607 | D:4      | Slain by an orc priest

Illustrated notes

Levels and vault maps discovered:
D:1:      nzn_arrival_crosshair, layout_basic, chequers_ecumenical_altar_simple
D:2:      layout_basic, wad_woods_river_04, chequers_mini_garden,
          minmay_distorted
D:3:      layout_loops_ring, nicolae_ashenzari_skybound, uniq_jessica,
          uniq_natasha, uniq_terence
D:4:      layout_loops_ring, minmay_cupped

Skill      XL: |  1  2  3  4  5  6 |
---------------+-------------------+-----
Invocations    | 1 2 |  2.2
Short Blades   | 1 2 |  2.0
Long Blades    | 1 2 |  2.0
Maces & Flails | 1 2 |  2.0
Polearms       | 1 2 |  2.0
Staves         | 1 2 |  2.0
Ranged Weapons | 1 2 |  2.0
Throwing       | 1 2 |  2.0
Dodging        | 1 2 |  2.0
Stealth        | 1 2 |  2.0
Unarmed Combat | 1 2 |  2.0
Spellcasting   | 1 2 |  2.0
Evocations     | 1 2 |  2.0
Shapeshifting  | 1 |  1.8
Conjurations   | 1 |  1.6
Hexes          | 1 |  1.6
Summonings     | 1 |  1.6
Necromancy     | 1 |  1.6
Translocations | 1 |  1.6
Transmutations | 1 |  1.6
Fire Magic     | 1 |  1.6
Ice Magic      | 1 |  1.6
Air Magic      | 1 |  1.6
Earth Magic    | 1 |  1.6
Poison Magic   | 1 |  1.6
Axes           | 5 |  5.0
Fighting       | |  6.8
Armour         | |  6.8
Shields        | |  6.8

Action                     |  1- 3 |  4- 6 || total
---------------------------+-------+-------++-------
  Melee: War axe           |    98 |    99 ||   197
         Bite              |     5 |    13 ||    18
    Use: Potion            |       |     1 ||     1
 Armour: Scale mail        |    57 |    85 ||   142
  Dodge: Dodged            |    32 |    26 ||    58
  Block: Buckler           |    10 |       ||    10
         Tower shield      |    34 |    74 ||   108

Table legend: (Time is in decaauts)
 A = Elapsed time spent in this place.
 B = Non-inter-level travel time spent in this place.
 C = Inter-level travel time spent in this place.
 D = Time resting spent in this place.
 E = Time spent auto-exploring this place.
 F = Levels seen in this place.
 G = Mean time per level.
                   A        B        C        D        E       F      G
               +--------+--------+--------+--------+--------+-----+--------+
         Total |   2723 |   2621 |    102 |      0 |   2115 |   4 |  680.8 |
       Dungeon |   2723 |   2621 |    102 |      0 |   2115 |   4 |  680.8 |
               +--------+--------+--------+--------+--------+-----+--------+

Top non-repeatable levels by time:
     D:3: 954 daAuts
     D:2: 948 daAuts
     D:1: 696 daAuts
     D:4: 123 daAuts
